 Dungeon Crawl Stone Soup version 0.29-a0-872-g797fff5ad1 (webtiles) character file.

Game seed: 4317220537980924840

5590 PentaManta the Nimble (level 10, -10/70 HPs)
             Began as a Merfolk Berserker on July 18, 2022.
             Was a Priest of Trog.
             Mangled by a two-headed ogre
             ... wielding a +0 giant club
              (20 damage)
             ... on level 9 of the Dungeon.
             The game lasted 00:25:52 (10049 turns).

PentaManta the Nimble (Merfolk Berserker)          Turns: 10049, Time: 00:25:53

Health: -10/70     AC:  8    Str: 18    XL:     10   Next: 72%
Magic:  10/10      EV: 20    Int:  7    God:    Trog [***...]
Gold:   289        SH:  0    Dex: 17    Spells: 9/9 levels left

rFire   . . .      SeeInvis .   a - +0 falchion
rCold   . . .      Faith    .   (no shield)
rNeg    . . .      Spirit   .   m - +0 troll leather armour {Pargi}
rPois   .          Reflect  .   L - +0 helmet
rElec   .          Harm     .   z - +0 cloak
rCorr   .          Rampage  .   c - +0 pair of gloves
Will    .....                   K - +0 pair of boots
Stlth   +.........              (no amulet)
HPRegen 1.01/turn               j - ring of flight
MPRegen 0.12/turn               (no ring)

@: flying
A: (nimble swimmer 2), mertail
a: Renounce Religion, Berserk, Trog's Hand


You were on level 9 of the Dungeon.
You worshipped Trog.
Trog was most pleased with you.
You visited 2 branches of the dungeon, and saw 10 of its levels.
You also visited: Sewer.

You collected 454 gold pieces.
You spent 165 gold pieces at shops.

Inventory:

Hand Weapons
 a - a +0 falchion (weapon)
 w - a +2 short sword of venom
Missiles
 e - 24 poisoned darts
 i - a curare-tipped dart (quivered)
 v - 5 throwing nets
 C - 4 boomerangs
Armour
 c - a +0 pair of gloves (worn)
 l - +0 steam dragon scales
 m - a +0 troll leather armour (worn) {Pargi}
 q - a +0 kite shield
 z - a +0 cloak (worn)
 J - a +2 robe of willpower
 K - a +0 pair of boots (worn)
 L - a +0 helmet (worn)
Jewellery
 f - a ring of protection from cold
 j - a ring of flight (left hand)
Wands
 A - a wand of charming (9)
 G - a wand of roots (6)
 H - a wand of polymorph (3)
 P - a wand of digging (4)
Scrolls
 d - 4 scrolls of teleportation
 t - 2 scrolls of magic mapping
 u - 3 scrolls of fear
 x - 2 scrolls of poison
 y - 2 scrolls of immolation
 B - a scroll of blinking {unknown}
 D - a scroll of enchant armour {unknown}
 F - 3 scrolls of identify
 I - a scroll of fog
 M - 2 scrolls of silence {unknown}
 O - a scroll of summoning
Potions
 b - a potion of heal wounds {unknown}
 g - a potion of flight {unknown}
 h - 2 potions of brilliance {unknown}
 k - 3 potions of resistance
 n - a potion of magic
 o - a potion of mutation {unknown}
 p - a potion of haste {unknown}
 r - a potion of might {unknown}
 s - a potion of attraction {unknown}
 E - 2 potions of curing
 N - a potion of degeneration {unknown}


   Skills:
 - Level 3.2 Fighting
 + Level 13.7 Long Blades
 - Level 1.3 Armour
 + Level 14.2 Dodging


You had 9 spell levels left.
You didn't know any spells.
Your spell library contained the following spells:

 Spells                   Type           Power      Damage    Failure   Level
 Foxfire                  Conj/Fire      0%         2x1d4     50%         1
 Conjure Flame            Conj/Fire      0%         6-21      86%         3
 Ignite Poison            Fire/Tmut/Pois 0%         N/A       86%         3
 Inner Flame              Hex/Fire       0%         N/A       86%         3
 Flame Wave               Conj/Fire      0%         2d4       99%         4
 Sticky Flame             Conj/Fire      0%         2d3       99%         4


Dungeon Overview and Level Annotations

Branches:
Dungeon (9/15)             Temple (1/1) D:4           Sewer (visited)
   Lair: D:8-11         Orc: D:9-12

Altars:
Ashenzari
Cheibriados
Dithmenos
Elyvilon
Fedhas
Gozag
Hepliaklqana
Kikubaaqudgha
Makhleb
Nemelex Xobeh
Okawaru
Qazlal
Ru
Sif Muna
Trog
Uskayaw
Vehumet
Xom
Yredelemnul
Zin
The Shining One

Shops:
D:4 *   D:7 !

Annotations:
D:5 3 runed translucent doors, Rupert's ghost, novice DsFi


Innate Abilities, Weirdness & Mutations

((You are very nimble when in or above water. (Stealth+, EV+, Speed+++)))
Your lower body shifts to a powerful aquatic tail in water.


Message History

Found a falchion.
No target in view!
A two-headed ogre comes into view. It is wielding two +0 giant clubs.
The two-headed ogre shouts in stereo!
Found 5 gold pieces.
Throw: 3 darts (curare)
Press: ? - help, Q - select action, (/) - cycle Shift-Dir - straight line, f - two-headed ogre
Aim: a two-headed ogre, wielding two +0 giant clubs (75% to hit)
You throw a curare-tipped dart.
The curare-tipped dart barely misses the two-headed ogre.
Unknown command.
Throw: 2 darts (curare)
Press: ? - help, Q - select action, (/) - cycle Shift-Dir - straight line, f/p - two-headed ogre
Aim: a two-headed ogre, wielding two +0 giant clubs (75% to hit)
You throw a curare-tipped dart.
The curare-tipped dart hits the two-headed ogre.
The two-headed ogre is poisoned.
The two-headed ogre convulses.
The two-headed ogre seems to slow down.
The two-headed ogre is lightly wounded.
The two-headed ogre is no longer moving slowly.
You slash the two-headed ogre!
The two-headed ogre is heavily wounded.
The two-headed ogre closely misses you.
The two-headed ogre hits you with a +0 giant club!!
You hit the two-headed ogre.
The two-headed ogre is heavily wounded.
You slash the two-headed ogre!
The two-headed ogre is severely wounded.
You completely miss the two-headed ogre.
The two-headed ogre is severely wounded.
The two-headed ogre closely misses you.
The two-headed ogre hits you with a +0 giant club!
You slash the two-headed ogre!
The two-headed ogre is severely wounded.
You hit the two-headed ogre.
The two-headed ogre is almost dead.
The two-headed ogre hits you with a +0 giant club!!
* * * LOW HITPOINT WARNING * * *
The two-headed ogre hits you with a +0 giant club!!
You die...

..........#....#######
#...........#....#......
#...........######.....o
#......................o
#.......................
........................
.................######'
#...........###..#......
.......@......#..'......
.......O......#..#......
..............#..#......
..............#..#......
.....)8.......#..#......
..............#..#....##
.......(......#..#....#
....$.........#..######
....(.....###


You could see a two-headed ogre (poisoned).

Vanquished Creatures
  A wizard (D:9)
  Pikel (D:7)
  Maggie (D:6)
  Prince Ribbit (D:6)
  A wyvern (D:9)
  3 hogs (D:7)
  A yak (D:7)
  A vampire mosquito (D:9)
  A human (D:7)
  2 steam dragons
  2 water moccasins
  Duvessa (D:6)
  Pargi (Sewer)
  2 sky beasts (D:7)
  An ice beast (D:7)
  2 black bears
  2 centaurs
  A lemure (D:7)
  A kobold brigand (Sewer)
  6 bullfrogs
  2 necrophages
  A gnoll sergeant (D:6)
  2 scorpions
  4 wights
  Dowan (D:6)
  6 howler monkeys
  4 orc priests
  5 hounds
  4 gnoll boudas
  4 iguanas
  6 orc wizards
  19 gnolls
  9 adders
  A river rat (D:3)
  A shadow imp (D:6)
  A white imp (D:6)
  An ufetubus (D:6)
  4 worms
  2 dart slugs
  25 orcs
  11 ball pythons
  7 bats
  4 endoplasms
  6 giant cockroaches
  6 hobgoblins
  2 jackals (D:5)
  6 kobolds
  7 quokkas
  3 frilled lizards
  11 goblins
  10 rats
207 creatures vanquished.

Vanquished Creatures (others)
  An orc wizard (D:9)
  An adder (D:6)
  An orc (D:7)
  7 plants
10 creatures vanquished.

Grand Total: 217 creatures vanquished

Notes
Turn   | Place    | Note
-------+----------+-------------------------------------------
     0 | D:1      | PentaManta the Merfolk Berserker began the quest for the
                  | Orb.
     0 | D:1      | Reached XP level 1. HP: 18/18 MP: 1/1
    85 | D:1      | Reached XP level 2. HP: 12/24 MP: 2/2
   663 | D:1      | Reached XP level 3. HP: 29/29 MP: 3/3
   745 | D:1      | Found a faded altar of an unknown god.
   749 | D:1      | Reached skill level 3 in Dodging
   982 | D:2      | Reached skill level 5 in Long Blades
  1128 | D:2      | Reached ** piety under Trog
  1234 | D:2      | Reached XP level 4. HP: 13/35 MP: 4/4
  2199 | D:3      | Reached skill level 4 in Dodging
  2220 | D:3      | Found a glowing drain.
  2229 | Sewer    | Entered a sewer
  2271 | Sewer    | Noticed Pargi
  2287 | Sewer    | Killed Pargi
  2288 | Sewer    | Reached skill level 5 in Dodging
  2288 | Sewer    | Reached XP level 5. HP: 13/41 MP: 5/5
  2517 | Sewer    | Noticed a kobold brigand
  2523 | Sewer    | Killed a kobold brigand
  2524 | Sewer    | Reached XP level 6. HP: 21/47 MP: 6/6
  3149 | D:3      | Reached skill level 6 in Dodging
  3493 | D:3      | Reached XP level 7. HP: 20/52 MP: 7/7
  3991 | D:4      | Reached *** piety under Trog
  3992 | D:4      | Reached skill level 7 in Dodging
  4271 | D:4      | Found Voset's General Store.
  4288 | D:4      | Bought a scroll of identify for 24 gold pieces
  4288 | D:4      | Bought a potion of invisibility for 96 gold pieces
  4316 | D:4      | Reached skill level 8 in Dodging
  4402 | D:4      | Found a staircase to the Ecumenical Temple.
  4410 | Temple   | Entered the Ecumenical Temple
  4998 | D:4      | Reached XP level 8. HP: 58/58 MP: 8/8
  5239 | D:5      | Entered Level 5 of the Dungeon
  5252 | D:5      | Found a stormy altar of Qazlal.
  5643 | D:5      | Found a runed translucent gate.
  5643 | D:5      | Found a runed translucent gate.
  5643 | D:5      | Found a runed translucent gate.
  5705 | D:5      | Reached skill level 9 in Dodging
  5797 | D:5      | Noticed Rupert's ghost (novice DsFi)
  5815 | D:5      | Reached **** piety under Trog
  6001 | D:6      | Noticed Prince Ribbit
  6021 | D:6      | Killed Prince Ribbit
  6036 | D:6      | Noticed Pikel
  6145 | D:7      | Killed Pikel
  6146 | D:7      | Reached skill level 10 in Long Blades
  6146 | D:7      | Reached skill level 10 in Dodging
  6146 | D:7      | Reached XP level 9. HP: 56/64 MP: 9/9
  6243 | D:6      | Reached skill level 11 in Dodging
  6283 | D:6      | Found a shadowy altar of Dithmenos.
  6469 | D:6      | Noticed Maggie
  6485 | D:6      | Killed Maggie
  6839 | D:6      | Noticed Dowan
  6874 | D:6      | Noticed Duvessa
  6888 | D:6      | Killed Duvessa
  6892 | D:6      | Killed Dowan
  7213 | D:7      | Reached skill level 12 in Dodging
  7401 | D:7      | Reached XP level 10. HP: 47/70 MP: 10/10
  7446 | D:7      | Found a shimmering blue altar of Sif Muna.
  7686 | D:7      | Found a glowing silver altar of Zin.
  7710 | D:7      | Reached skill level 13 in Dodging
  7801 | D:7      | Found Tych's Distillery.
  7818 | D:7      | Bought a potion of curing for 45 gold pieces
  8817 | D:8      | Found a sacrificial altar of Ru.
  8820 | D:8      | Found a radiant altar of Vehumet.
  8823 | D:8      | Found a broken altar of Ashenzari.
  8994 | D:8      | Found a blossoming altar of Fedhas.
  9172 | D:8      | Found a shimmering altar of Xom.
  9631 | D:9      | Found a radiant altar of Vehumet.
  9631 | D:9      | Noticed a wizard
  9652 | D:9      | Killed a wizard
  9653 | D:9      | Reached skill level 14 in Dodging
 10032 | D:9      | Noticed a two-headed ogre
 10049 | D:9      | Mangled by a two-headed ogre

Illustrated notes

Levels and vault maps discovered:
D:1:      wander_arrival_desolate, layout_rooms,
          hellmonk_ecumenical_altar_prayer_group, minmay_strange_pillars,
          nicolae_eternal_life, minmay_pentomino_p2
D:2:      layout_basic
D:3:      minmay_door_path, layout_basic, gup_sewer_entry_bubbles,
          minmay_misc_feat_tower
D:4:      minmay_opposing_rooms, layout_basic, temple_green, serial_shops, shop
D:5:      layout_basic, nicolae_qazlal_general_emergency, gammafunk_ghost_icy
D:6:      layout_basic, nicolae_dithmenos_the_darkroom,
          nicolae_underground_beach, uniq_duvessa, uniq_maggie,
          uniq_prince_ribbit1, uniq_pikel
D:7:      layout_basic, mainiacjoe_overflow_brackets,
          mainiacjoe_overflow_catwalk, serial_shops, nicolae_shop_waterfront,
          serial_bayou_pond_b, grunt_livestock, hex_large
D:8:      layout_loops_cross, mainiacjoe_overflow_six_doors_small,
          fedhas_altar_4, grunt_temple_overflow_diamond, nicolae_zen_rock_garden
D:9:      layout_irregular_city, pdpol_wu_jian_five_deadly_venoms,
          chequers_serial_rivers_room_b, minivault_16, serial_bayou_pond_e,
          nicolae_two_hexagons, minmay_ruined_shrine
Temple:   chequers_temple_sunken

Skill      XL: |  1  2  3  4  5  6  7  8  9 10 |
---------------+-------------------------------+-----
Long Blades    | 4 5 6 7 8 10 12 13 | 13.7
Dodging        | 3 5 6 8 10 12 14 | 14.2
Fighting       | |  3.2
Armour         | |  1.3

Action                   |  1- 3 |  4- 6 |  7- 9 | 10-12 || total
-------------------------+-------+-------+-------+-------++-------
Melee: Falchion          |    14 |    75 |   493 |   343 ||   925
       Dagger            |    69 |   107 |       |       ||   176
       Tailslap          |       |     3 |       |       ||     3
       Punch             |       |     2 |     6 |     4 ||    12
Throw: Dart              |       |     1 |       |     2 ||     3
       Boomerang         |       |       |       |     3 ||     3
Invok: Berserk           |     1 |     2 |     8 |     5 ||    16
       Trog's Hand       |       |       |     5 |     2 ||     7
Evoke: Wand              |       |       |       |     1 ||     1
  Use: Scroll            |       |     4 |     4 |     1 ||     9
       Potion            |       |     3 |     2 |       ||     5
 Stab: Sleeping          |       |     9 |       |       ||     9
       Invisible         |       |       |     3 |       ||     3
Armor: Animal skin       |    11 |     5 |       |       ||    16
       Troll leather arm |       |    15 |    91 |    50 ||   156
Dodge: Dodged            |    52 |    91 |   357 |   201 ||   701

Table legend: (Time is in decaauts)
 A = Elapsed time spent in this place.
 B = Non-inter-level travel time spent in this place.
 C = Inter-level travel time spent in this place.
 D = Time resting spent in this place.
 E = Time spent auto-exploring this place.
 F = Levels seen in this place.
 G = Mean time per level.
                   A        B        C        D        E       F      G
               +--------+--------+--------+--------+--------+-----+--------+
         Total |   9723 |   9256 |    467 |   1163 |   5738 |  11 |  883.9 |
       Dungeon |   8872 |   8433 |    439 |    787 |   5455 |   9 |  985.8 |
        Temple |    313 |    285 |     28 |      0 |    277 |   1 |  313.0 |
         Sewer |    537 |    537 |      0 |    376 |      6 |   1 |  537.0 |
               +--------+--------+--------+--------+--------+-----+--------+

Top non-repeatable levels by time:
     D:7: 1479 daAuts
     D:3: 1292 daAuts
     D:8: 1258 daAuts
     D:2: 1088 daAuts
     D:1: 977 daAuts
     D:6: 955 daAuts
     D:4: 801 daAuts
     D:5: 722 daAuts
   Sewer: 537 daAuts
  Temple: 313 daAuts
     D:9: 296 daAuts
